 Dungeon Crawl Stone Soup version 0.31-a0-636-ge1c0e020e0 (webtiles) character file.

Game seed: 5387619882969464520

42 rvierbuc the Slasher (level 3, 0/27 HPs)
             Began as a Demonspawn Gladiator on Aug 26, 2023.
             Slain by a rat (1 damage)
             ... on level 2 of the Dungeon.
             The game lasted 00:01:35 (708 turns).

rvierbuc the Slasher (Demonspawn Gladiator)          Turns: 708, Time: 00:01:36

Health: 0/27       AC:  3    Str: 14    XL:     3   Next: 35%
Magic:  3/3        EV: 12    Int:  9    God:
Gold:   61         SH:  0    Dex: 16    Spells: 2/2 levels left

rFire   . . .        a - +0 long sword
rCold   . . .        (no shield)
rNeg    . . .        b - +0 leather armour
rPois   .            (helmet restricted)
rElec   .            (no cloak)
rCorr   .            (no gloves)
SInv    .            (no boots)
Will    .....        (no amulet)
Stlth   +            (no ring)
HPRegen 0.24/turn    (no ring)
MPRegen 0.08/turn

%: no passive effects
@: no status effects
A: antennae 1
a: no special abilities


You were on level 2 of the Dungeon.
You visited 1 branch of the dungeon, and saw 2 of its levels.

You collected 61 gold pieces.

Inventory:

Hand Weapons
 a - a +0 long sword (weapon)
Missiles
 d - 2 throwing nets (quivered)
 e - a javelin
Armour
 b - a +0 leather armour (worn)
 c - a +0 helmet
Scrolls
 f - 5 scrolls of fog {unknown}
 i - a scroll of enchant weapon {unknown}
Potions
 g - a potion of curing
 h - 2 potions of degeneration {unknown}


   Skills:
 + Level 2.2 Fighting
 + Level 3.2 Long Blades
 + Level 1.8 Throwing
 + Level 0.7 Armour
 + Level 3.2 Dodging


You had 2 spell levels left.
You didn't know any spells.
Your spell library was empty.

Dungeon Overview and Level Annotations

Branches:
Dungeon (2/15)

Altars:


Innate Abilities, Weirdness & Mutations

You have a pair of small antennae on your head.


Message History

You are too injured to fight recklessly!
You feel sick. The rat bites you but does no damage.
There is a stone staircase leading up here.
You slash the adder!
The adder is severely wounded.
You feel sick. The adder closely misses you.
The giant cockroach bites you but does no damage.
The hobgoblin closely misses you. The rat barely misses you.
The adder bites you.
* * * LOW HITPOINT WARNING * * *
The giant cockroach misses you.
You barely miss the adder.
The adder is severely wounded.
* * * LOW HITPOINT WARNING * * *
You feel sick. The adder bites you.
* * * LOW HITPOINT WARNING * * *
The rat completely misses you. The hobgoblin closely misses you.
The giant cockroach bites you.
* * * LOW HITPOINT WARNING * * *
It was a potion of curing.
You feel better. The adder bites you but does no damage.
The giant cockroach closely misses you. The rat bites you but does no damage.
The hobgoblin hits you but does no damage.
You slash the adder!
You kill the adder!
The giant cockroach bites you but does no damage.
The rat closely misses you.
The hobgoblin hits you but does no damage.
The giant cockroach closely misses you.
You barely miss the giant cockroach. The rat closely misses you.
The hobgoblin hits you.
* * * LOW HITPOINT WARNING * * *
The giant cockroach closely misses you.
You barely miss the rat. The rat barely misses you.
The hobgoblin hits you but does no damage.
The giant cockroach misses you. The hobgoblin hits you.
* * * LOW HITPOINT WARNING * * *
The rat misses you. The giant cockroach closely misses you.
The rat attacks as it pursues you! The rat bites you.
You die...

..#. ....#
..#.#### .......
. .. #.#..# ..
....###.#..##..#
................
..#####@#.......
.......Br.......
#.......g.......
....###.#.......
..# ....#..... #
#..##...... ...#
...... .....
...... ......
......


You could see a giant cockroach, a hobgoblin and a rat.

Vanquished Creatures
  An adder (D:2)
  A dart slug (D:1)
  2 ball pythons (D:1)
  A bat (D:1)
  4 endoplasms (D:1)
  2 giant cockroaches (D:1)
  A hobgoblin (D:1)
  5 jackals (D:1)
  2 kobolds (D:1)
  A quokka (D:1)
  3 frilled lizards
  2 goblins (D:1)
  3 rats (D:1)
28 creatures vanquished.

Notes
Turn   | Place    | Note
-------+----------+-------------------------------------------
     0 | D:1      | rvierbuc the Demonspawn Gladiator began the quest for the
                  | Orb.
     0 | D:1      | Reached XP level 1. HP: 16/16 MP: 1/1
   123 | D:1      | Gained mutation: You have a pair of small antennae on your
                  | head. [demonic ancestry]
   123 | D:1      | Reached XP level 2. HP: 19/22 MP: 2/2
   252 | D:1      | Found a faded altar of an unknown god.
   429 | D:1      | Reached XP level 3. HP: 27/27 MP: 3/3
   703 | D:2      | HP: 1/27 [giant cockroach (1)]
   708 | D:2      | Slain by a rat

Illustrated notes

Levels and vault maps discovered:
D:1:      giann_bridges, layout_loops_ring, ebering_ecumenical_altar_petrified
D:2:      layout_rooms, st_stairs_14, dk_noncrumbling_4, uniq_natasha,
          uniq_sigmund

Skill      XL: |  1  2 |
---------------+-------+-----
Dodging        | 3 |  3.2
Long Blades    | 3 |  3.2
Fighting       | |  2.2
Throwing       | |  1.8
Armour         | |  0.7

Action                     || total
---------------------------++-------
  Melee: Long sword        ||    70
         Punch             ||     1
  Throw: Throwing net      ||     1
    Use: Potion            ||     1
   Stab: Sleeping          ||     1
 Armour: Leather armour    ||    33
  Dodge: Dodged            ||    85

Table legend: (Time is in decaauts)
 A = Elapsed time spent in this place.
 B = Non-inter-level travel time spent in this place.
 C = Inter-level travel time spent in this place.
 D = Time resting spent in this place.
 E = Time spent auto-exploring this place.
 F = Levels seen in this place.
 G = Mean time per level.
                   A        B        C        D        E       F      G
               +--------+--------+--------+--------+--------+-----+--------+
         Total |    727 |    691 |     36 |      0 |    533 |   2 |  363.5 |
       Dungeon |    727 |    691 |     36 |      0 |    533 |   2 |  363.5 |
               +--------+--------+--------+--------+--------+-----+--------+

Top non-repeatable levels by time:
     D:1: 707 daAuts
     D:2: 19 daAuts
